3L
KINGSTON TOWNSHIP KNIGHTS @ PANAMA CITY PIRANHAS
09/13/2039
 
TOP OF THE 1ST
Kingston Township Knights batting - Pitching for Panama City Piranhas : RHP Harry Stuterberg
Pitching: RHP Harry Stuterberg
Batting: LHB Tony Goodwin 0-0: Called Strike
0-1: Ball
1-1: Called Strike
1-2: SINGLE (Line Drive, 7LS, EV 105.6 MPH)
Batting: RHB Takenao Wakabayashi 0-0: Called Strike
0-1: Ball
1-1: Called Strike
1-2: Ball
2-2: Strikes out looking
Batting: RHB Daniel McCoy 0-0: Called Strike
Tony Goodwin steals 2nd base
0-1: Ball
1-1: Foul Ball, location: 2F
1-2: Ball
2-2: SINGLE (Line Drive, 7S, EV 102.5 MPH)
Tony Goodwin to third
Batting: LHB Ed Mellor 0-0: Ball
1-0: Ball
2-0: Ball
3-0: Base on Balls
Daniel McCoy to second
Batting: RHB Holden Ford 0-0: Ball
1-0: Called Strike
1-1: Swinging Strike
1-2: Grounds into double play, 5-4-3 (Groundball, 56, EV 80.6 MPH)
Top of the 1st over - 0 runs, 2 hits, 0 errors, 2 left on base; Kingston Township 0 - Panama City 0
BOTTOM OF THE 1ST
Panama City Piranhas batting - Pitching for Kingston Township Knights : LHP Pete Rhue
Pitching: LHP Pete Rhue
Batting: RHB Kieran Hansen 0-0: Ball
1-0: Called Strike
1-1: Ball
2-1: TRIPLE (Line Drive, 89XD, EV 105.6 MPH)
Batting: RHB António Mendoza 0-0: Ball
1-0: Called Strike
1-1: Foul Ball, location: 2F
1-2: Ground out 5-3 (Groundball, 5, EV 103.8 MPH)
Batting: RHB Silvio Bonauiti 0-0: Ball
1-0: Ball
2-0: Ball
3-0: Base on Balls
Batting: SHB Ben Boston 0-0: Ball
1-0: Called Strike
1-1: Called Strike
1-2: Ball
2-2: Foul Ball, location: 2F
2-2: Ground out 5-3 (Groundball, 56S, EV 74.4 MPH)
Kieran Hansen scores
Silvio Bonauiti to second
Batting: RHB Brant Thigpen 0-0: Swinging Strike
0-1: Ball
1-1: Foul Ball, location: 2F
1-2: Ball
2-2: Strikes out swinging
Bottom of the 1st over - 1 run, 1 hit, 0 errors, 1 left on base; Kingston Township 0 - Panama City 1
TOP OF THE 2ND
Kingston Township Knights batting - Pitching for Panama City Piranhas : RHP Harry Stuterberg
Batting: RHB Glenn Curtis 0-0: Ball
1-0: Called Strike
1-1: Foul Ball, location: 2F
1-2: Ball
2-2: DOUBLE (Line Drive, 7LS, EV 95.0 MPH)
Batting: RHB Scott Robertson 0-0: Called Strike
0-1: Ball
1-1: Foul Ball, location: 2F
1-2: Ball
2-2: Ball
3-2: Base on Balls
Batting: RHB Daniel Maldonado 0-0: Ball
1-0: DOUBLE (Line Drive, 8LD, EV 109.4 MPH)
Glenn Curtis scores
Scott Robertson to third
Batting: RHB Khal Drogo 0-0: Ball
1-0: Ball
2-0: Ball
3-0: Base on Balls
Batting: LHB Tony Goodwin 0-0: Called Strike
0-1: Swinging Strike
0-2: Grounds into fielders choice 1-2 (Groundball, 13S, EV 73.8 MPH)
Daniel Maldonado to third
Khal Drogo to second
Batting: RHB Takenao Wakabayashi 0-0: Ball
1-0: Swinging Strike
1-1: Fielders Choice at 2nd, 4-6 (Groundball, 4M, EV 85.0 MPH)
Daniel Maldonado scores
Khal Drogo to third
Batting: RHB Daniel McCoy 0-0: Called Strike
0-1: Ball
1-1: Foul Ball, location: 2F
1-2: Ball
2-2: Ball
3-2: Base on Balls
Takenao Wakabayashi to second
Batting: LHB Ed Mellor 0-0: Foul Ball, location: 2F
0-1: Called Strike
0-2: Ball
1-2: Ball
2-2: Foul Ball, location: 2F
2-2: Ground out 4-3 (Groundball, 4, EV 77.5 MPH)
Top of the 2nd over - 2 runs, 2 hits, 0 errors, 3 left on base; Kingston Township 2 - Panama City 1
BOTTOM OF THE 2ND
Panama City Piranhas batting - Pitching for Kingston Township Knights : LHP Pete Rhue
Batting: RHB Craig Tricket 0-0: Called Strike
0-1: Fly out, F8 (Flyball, 8RS, EV 75.6 MPH)
Batting: RHB Arsenio Laurel 0-0: Ball
1-0: Called Strike
1-1: Bunt for hit to 13 - play at first, batter OUT! 1-3
Batting: RHB Bruno Williams 0-0: Called Strike
0-1: Fly out, F8 (Flyball, 8RD, EV 99.4 MPH)
Bottom of the 2nd over - 0 runs, 0 hits, 0 errors, 0 left on base; Kingston Township 2 - Panama City 1
TOP OF THE 3RD
Kingston Township Knights batting - Pitching for Panama City Piranhas : RHP Harry Stuterberg
Batting: RHB Holden Ford 0-0: Foul Ball, location: 2F
0-1: Ball
1-1: Ball
2-1: Foul Ball, location: 2F
2-2: Fly out, F3 (Popup, 3, EV 71.2 MPH)
Batting: RHB Glenn Curtis 0-0: Ball
1-0: Ball
2-0: DOUBLE (Line Drive, 89D, EV 113.1 MPH)
Batting: RHB Scott Robertson 0-0: Called Strike
0-1: Foul Ball, location: 2F
0-2: Ball
1-2: Foul Ball, location: 2F
1-2: Foul Ball, location: 2F
1-2: Foul Ball, location: 2F
1-2: SINGLE (Groundball, 34D, EV 106.2 MPH)
Glenn Curtis to third
Runner from 3rd tries for Home, SAFE, throw by RF to home
Batting: RHB Daniel Maldonado 0-0: Swinging Strike
0-1: Foul Ball, location: 2F
0-2: Ball
1-2: Strikes out swinging
Batting: RHB Khal Drogo 0-0: Ball
1-0: Called Strike
1-1: Foul Ball, location: 2F
1-2: Fly out, F8 (Flyball, 8RM, EV 78.1 MPH)
Top of the 3rd over - 1 run, 2 hits, 0 errors, 1 left on base; Kingston Township 3 - Panama City 1
BOTTOM OF THE 3RD
Panama City Piranhas batting - Pitching for Kingston Township Knights : LHP Pete Rhue
Batting: LHB José Ocasio 0-0: Foul Ball, location: 2F
0-1: Ball
1-1: Called Strike
1-2: Strikes out looking
Batting: RHB Kieran Hansen 0-0: Swinging Strike
0-1: Fly out, F8 (Flyball, 89XD, EV 107.5 MPH)
Batting: RHB António Mendoza 0-0: Called Strike
0-1: Swinging Strike
0-2: Ball
1-2: Ball
2-2: Foul Ball, location: 2F
2-2: Ball
3-2: Base on Balls
Batting: RHB Silvio Bonauiti 0-0: Ball
1-0: Foul Ball, location: 2F
1-1: Ball
Wild Pitch!
António Mendoza to second
2-1: 2-RUN HOME RUN (Flyball, 7D, EV 106.9 MPH), Distance : 369 ft
Batting: SHB Ben Boston 0-0: Ball
1-0: Called Strike
1-1: Foul Ball, location: 2F
1-2: Ball
2-2: Strikes out swinging
Bottom of the 3rd over - 2 runs, 1 hit, 0 errors, 0 left on base; Kingston Township 3 - Panama City 3
TOP OF THE 4TH
Kingston Township Knights batting - Pitching for Panama City Piranhas : RHP Harry Stuterberg
Batting: LHB Tony Goodwin 0-0: Ball
1-0: Ball
2-0: Ball
3-0: Called Strike
3-1: Base on Balls
Batting: RHB Takenao Wakabayashi 0-0: Ball
1-0: Called Strike
1-1: Ball
2-1: Fly out, F9 (Flyball, 9LM, EV 94.4 MPH)
Batting: RHB Daniel McCoy 0-0: Swinging Strike
0-1: Foul Ball, location: 2F
0-2: Strikes out swinging
Batting: LHB Ed Mellor 0-0: Ball
1-0: Ball
2-0: Called Strike
2-1: Swinging Strike
2-2: Strikes out looking
Top of the 4th over - 0 runs, 0 hits, 0 errors, 1 left on base; Kingston Township 3 - Panama City 3
BOTTOM OF THE 4TH
Panama City Piranhas batting - Pitching for Kingston Township Knights : LHP Pete Rhue
Batting: RHB Brant Thigpen 0-0: Called Strike
0-1: Called Strike
0-2: Ball
1-2: Ball
2-2: Ball
3-2: Foul Ball, location: 2F
3-2: Base on Balls
Batting: RHB Craig Tricket 0-0: Ball
1-0: Foul Ball, location: 2F
1-1: Foul Ball, location: 2F
1-2: Fielders Choice at 2nd, 1-4 (Groundball, 15, EV 84.4 MPH)
Batting: RHB Arsenio Laurel 0-0: Ball
1-0: Called Strike
1-1: Swinging Strike
1-2: Foul Ball, location: 2F
1-2: Strikes out looking
Batting: RHB Bruno Williams 0-0: Ball
1-0: Swinging Strike
1-1: Fly out, F3 (Popup, 3F, EV 69.4 MPH)
Bottom of the 4th over - 0 runs, 0 hits, 0 errors, 1 left on base; Kingston Township 3 - Panama City 3
TOP OF THE 5TH
Kingston Township Knights batting - Pitching for Panama City Piranhas : RHP Harry Stuterberg
Batting: RHB Holden Ford 0-0: Ball
1-0: Ball
2-0: Ball
3-0: Base on Balls
Pitching: LHP Todd Serrano
Batting: RHB Glenn Curtis 0-0: Sac Bunt to 3S - play at first, batter OUT! 3-4
Holden Ford to second
Batting: RHB Scott Robertson 0-0: Called Strike
0-1: Ball
1-1: Foul Ball, location: 2F
1-2: 2-RUN HOME RUN (Line Drive, 8RXD, EV 107.5 MPH), Distance : 431 ft
Batting: RHB Daniel Maldonado 0-0: Ball
1-0: Ball
2-0: Ground out 4-3 (Groundball, 4S, EV 83.1 MPH)
Batting: RHB Khal Drogo 0-0: Ball
1-0: Ground out 6-3 (Groundball, 6MS, EV 85.0 MPH)
Top of the 5th over - 2 runs, 1 hit, 0 errors, 0 left on base; Kingston Township 5 - Panama City 3
BOTTOM OF THE 5TH
Panama City Piranhas batting - Pitching for Kingston Township Knights : LHP Pete Rhue
Batting: LHB José Ocasio 0-0: SINGLE (Line Drive, 7S, EV 101.9 MPH)
Batting: RHB Kieran Hansen 0-0: Called Strike
0-1: Ball
1-1: Called Strike
1-2: Ball
2-2: Foul Ball, location: 2F
2-2: Ball
3-2: Base on Balls
José Ocasio to second
Pinch Runner at 2nd Chrysler Rodriguez:
Batting: RHB António Mendoza 0-0: Called Strike
0-1: Swinging Strike
0-2: Reaches on Catchers interference
Chrysler Rodriguez to third
Kieran Hansen to second
Batting: RHB Silvio Bonauiti 0-0: Ball
1-0: Foul Ball, location: 2F
1-1: Foul Ball, location: 2F
1-2: Ball
2-2: Ball
3-2: Fielders Choice at 2nd, 4-6 (Groundball, 4, EV 80.0 MPH)
Chrysler Rodriguez scores
Kieran Hansen to third
Batting: SHB Ben Boston 0-0: Ball
1-0: Foul Ball, location: 2F
1-1: Called Strike
1-2: Ball
2-2: Ball
3-2: Strikes out swinging
Silvio Bonauiti is caught stealing 2nd base 2-4
Batter strikes out.
Bottom of the 5th over - 1 run, 1 hit, 1 error, 1 left on base; Kingston Township 5 - Panama City 4
TOP OF THE 6TH
Kingston Township Knights batting - Pitching for Panama City Piranhas : LHP Todd Serrano
Now at 1B: Chrysler Rodriguez
Batting: LHB Tony Goodwin 0-0: Called Strike
0-1: Called Strike
0-2: Foul Ball, location: 2F
0-2: Fly out, F7 (Flyball, 78M, EV 94.4 MPH)
Batting: RHB Takenao Wakabayashi 0-0: Called Strike
0-1: Reached on error, E5 (Groundball, 56, EV 85.0 MPH)
Batting: RHB Daniel McCoy 0-0: Called Strike
0-1: Fly out, F8 (Line Drive, 8RM, EV 110.0 MPH)
Batting: LHB Ed Mellor 0-0: Foul Ball, location: 2F
0-1: Foul Ball, location: 2F
0-2: Foul Ball, location: 2F
0-2: Ball
1-2: Strikes out swinging
Top of the 6th over - 0 runs, 0 hits, 1 error, 1 left on base; Kingston Township 5 - Panama City 4
BOTTOM OF THE 6TH
Panama City Piranhas batting - Pitching for Kingston Township Knights : LHP Pete Rhue
Batting: RHB Brant Thigpen 0-0: SOLO HOME RUN (Flyball, 78XD, EV 106.2 MPH), Distance : 392 ft
Batting: RHB Craig Tricket 0-0: Ball
1-0: Called Strike
1-1: Ball
2-1: Foul Ball, location: 2F
2-2: Ball
3-2: Fly out, F8 (Flyball, 8RM, EV 79.4 MPH)
Batting: RHB Arsenio Laurel 0-0: Foul Ball, location: 2F
0-1: SINGLE (Line Drive, 6MD, EV 97.5 MPH)
Pitching: LHP Dale Snider
Batting: RHB Bruno Williams 0-0: Called Strike
0-1: Ball
1-1: Ball
2-1: Fielders Choice at 2nd, 3-6 (Groundball, 3, EV 82.5 MPH)
Batting: RHB Chrysler Rodriguez 0-0: Called Strike
0-1: Ball
1-1: Foul Ball, location: 2F
1-2: Foul Ball, location: 2F
1-2: Foul Ball, location: 2F
1-2: Foul Ball, location: 2F
1-2: Ball
2-2: Ball
3-2: Strikes out looking
Bottom of the 6th over - 1 run, 2 hits, 0 errors, 1 left on base; Kingston Township 5 - Panama City 5
TOP OF THE 7TH
Kingston Township Knights batting - Pitching for Panama City Piranhas : LHP Todd Serrano
Pitching: RHP Ricky O'Toole
Batting: RHB Holden Ford 0-0: Ball
1-0: Ground out 1-3 (Groundball, 34S, EV 67.5 MPH)
Batting: RHB Glenn Curtis 0-0: Foul Ball, location: 2F
0-1: Ground out U3 (Groundball, 34, EV 97.5 MPH)
Batting: RHB Scott Robertson 0-0: Ball
1-0: Called Strike
1-1: Fly out, F9 (Flyball, 89S, EV 85.0 MPH)
Top of the 7th over - 0 runs, 0 hits, 0 errors, 0 left on base; Kingston Township 5 - Panama City 5
BOTTOM OF THE 7TH
Panama City Piranhas batting - Pitching for Kingston Township Knights : LHP Dale Snider
Batting: RHB Kieran Hansen 0-0: Ball
1-0: Called Strike
1-1: Ball
2-1: Foul Ball, location: 2F
2-2: Ball
3-2: Ground out U3 (Groundball, 3L, EV 98.8 MPH)
Batting: RHB António Mendoza 0-0: Ball
1-0: Ball
2-0: Ball
3-0: Base on Balls
Batting: RHB Silvio Bonauiti 0-0: Foul Ball, location: 2F
0-1: Swinging Strike
0-2: Ball
1-2: Foul Ball, location: 2F
1-2: Ball
2-2: Foul Ball, location: 2F
2-2: Ball
3-2: Base on Balls
António Mendoza to second
Batting: SHB Ben Boston 0-0: Called Strike
0-1: Swinging Strike
0-2: Ball
1-2: Ball
2-2: Ball
3-2: Strikes out looking
Batting: RHB Brant Thigpen 0-0: Called Strike
0-1: Ball
1-1: Called Strike
1-2: Ball
2-2: Ball
3-2: Base on Balls
António Mendoza to third
Silvio Bonauiti to second
Batting: RHB Craig Tricket 0-0: Ball
1-0: Ball
2-0: Ball
3-0: Base on Balls
António Mendoza scores
Silvio Bonauiti to third
Brant Thigpen to second
Batting: RHB Arsenio Laurel 0-0: Swinging Strike
0-1: Ball
1-1: Ball
2-1: Ball
3-1: Called Strike
3-2: Foul Ball, location: 2F
3-2: SINGLE (Line Drive, 8RS, EV 89.4 MPH)
Silvio Bonauiti scores
Brant Thigpen to third
Craig Tricket to second
Brant Thigpen scores
Craig Tricket to third
Pitching: LHP David Blake
Batting: RHB Bruno Williams 0-0: Foul Ball, location: 2F
0-1: Ball
1-1: Swinging Strike
1-2: Strikes out swinging
Bottom of the 7th over - 3 runs, 1 hit, 0 errors, 2 left on base; Kingston Township 5 - Panama City 8
TOP OF THE 8TH
Kingston Township Knights batting - Pitching for Panama City Piranhas : RHP Ricky O'Toole
Batting: RHB Daniel Maldonado 0-0: Ball
1-0: SINGLE (Groundball, 56D, EV 98.8 MPH)
Batting: RHB Khal Drogo 0-0: Ball
1-0: Ball
2-0: Ball
3-0: Swinging Strike
3-1: Base on Balls
Daniel Maldonado to second
Batting: LHB Tony Goodwin 0-0: Ball
1-0: Fielders Choice at 2nd, 4-6 (Groundball, 4, EV 86.9 MPH)
Daniel Maldonado to third
Batting: RHB Takenao Wakabayashi 0-0: Ball
1-0: Foul Ball, location: 2F
1-1: Called Strike
1-2: Ball
2-2: Foul Ball, location: 2F
2-2: Ball
3-2: Foul Ball, location: 2F
3-2: Foul Ball, location: 2F
3-2: Foul Ball, location: 2F
3-2: Fly out, F9 (Flyball, 89M, EV 90.6 MPH)
Runner from 3rd tags up, SCORES, no throw by RF
Batting: RHB Daniel McCoy 0-0: Ball
1-0: Fly out, F2 (Popup, 23F, EV 86.2 MPH)
Top of the 8th over - 1 run, 1 hit, 0 errors, 1 left on base; Kingston Township 6 - Panama City 8
BOTTOM OF THE 8TH
Panama City Piranhas batting - Pitching for Kingston Township Knights : LHP David Blake
Batting: RHB Chrysler Rodriguez 0-0: Foul Ball, location: 2F
0-1: Foul Ball, location: 2F
0-2: Fly out, F7 (Flyball, 7LS, EV 81.2 MPH)
Batting: RHB Kieran Hansen 0-0: Called Strike
0-1: Ball
1-1: Called Strike
1-2: Ground out 4-3 (Groundball, 4, EV 96.9 MPH)
Batting: RHB António Mendoza 0-0: Foul Ball, location: 2F
0-1: Foul Ball, location: 2F
0-2: Ball
1-2: Ball
2-2: Foul Ball, location: 2F
2-2: Ball
3-2: Foul Ball, location: 2F
3-2: Fly out, F9 (Flyball, 9, EV 86.2 MPH)
Bottom of the 8th over - 0 runs, 0 hits, 0 errors, 0 left on base; Kingston Township 6 - Panama City 8
TOP OF THE 9TH
Kingston Township Knights batting - Pitching for Panama City Piranhas : RHP Ricky O'Toole
Batting: LHB Ed Mellor 0-0: Ground out 6-3 (Groundball, 6, EV 106.9 MPH)
Batting: RHB Holden Ford 0-0: Ground out 6-3 (Groundball, 6, EV 91.9 MPH)
Batting: RHB Glenn Curtis 0-0: Foul Ball, location: 2F
0-1: Ball
1-1: Ball
2-1: SINGLE (Groundball, 6MD, EV 104.4 MPH)
Batting: RHB Scott Robertson 0-0: Ball
1-0: Ball
2-0: Ball
3-0: Base on Balls
Glenn Curtis to second
Batting: RHB Daniel Maldonado 0-0: Called Strike
0-1: Fly out, F7 (Flyball, 7S, EV 86.2 MPH)
Top of the 9th over - 0 runs, 1 hit, 0 errors, 2 left on base; Kingston Township 6 - Panama City 8
Wednesday, July 8th, 2020 - OOTP Baseball 20.8 Build 74